 Dungeon Crawl Stone Soup version 0.24-a0-581-gc0fa6600bf (webtiles) character file.

Game seed: 13441950459979687521

59 magaron the Skirmisher (level 4, -14/40 HPs)
             Began as a Hill Orc Fighter on Aug 25, 2019.
             Demolished by a gnoll
             ... wielding a +0 halberd
              (15 damage)
             ... on level 2 of the Dungeon.
             The game lasted 00:04:39 (1251 turns).

magaron the Skirmisher (Hill Orc Fighter)           Turns: 1251, Time: 00:04:40

Health: -14/40     AC:  7    Str: 16 (19) XL:     4   Next: 3%
Magic:  13/13      EV:  7    Int:  7 (8)  God:
Gold:   39         SH:  9    Dex:  8 (10) Spells: 3/3 levels left

rFire    . . .     SeeInvis .   a - +0 war axe
rCold    . . .     Gourm    .   c - +1 shield
rNeg     . . .     Faith    .   b - +0 scale mail
rPois    .         Spirit   .   (no helmet)
rElec    .         Reflect  .   (no cloak)
rCorr    .         Harm     .   (no gloves)
MR       .....                  (no boots)
Stlth    ..........             (no amulet)
HPRegen  0.13/turn              g - ring of magical power
MPRegen  0.13/turn              (no ring)

@: no status effects
A: no striking features
a: no special abilities


You were on level 2 of the Dungeon.
You were very hungry.

You visited 1 branch of the dungeon, and saw 2 of its levels.

You collected 39 gold pieces.

Inventory:

Hand Weapons
 a - a +0 war axe (weapon)
Armour
 b - a +0 scale mail (worn)
 c - a +1 shield (worn)
Jewellery
 g - a ring of magical power (left hand)
Potions
 d - a potion of might
Comestibles
 f - 6 rations


   Skills:
 + Level 4.2 Fighting
 + Level 3.6 Axes
 + Level 3.9 Armour
 + Level 0.1 Dodging
 + Level 3.8 Shields


You had 3 spell levels left.
You didn't know any spells.
Your spell library was empty.

Dungeon Overview and Level Annotations

Branches:
Dungeon (2/15)

Altars:


Message History

The jackal bites you but does no damage. x2
You block the jackal's attack. x2
You closely miss the jackal.
The jackal is lightly wounded.
Your shield prevents you from hitting the jackal.
The jackal bites you but does no damage. x4
You closely miss the jackal.
The jackal is lightly wounded.
You hit the jackal. You block the jackal's attack.
The jackal bites you but does no damage.
You block the jackal's attack. x2
Your scale mail prevents you from hitting the jackal.
The jackal is lightly wounded.
You barely miss the jackal.
The jackal bites you but does no damage.
You block the jackal's attack.
The jackal bites you but does no damage.
The jackal barely misses you.
The gnoll hits you from afar with a +0 halberd!
You die...

## #. #. #.
#. #. ####.##
#
#...h@#.####.
#.###h#.<..!.
#. #gg......
#.###.##g####
#.....# #
###.### #.#
#.# #.#


You could see 2 gnolls and 2 jackals.

Vanquished Creatures
  Jessica (D:2)
  An adder (D:2)
  A leopard gecko (D:1)
  2 bats (D:1)
  A giant cockroach (D:1)
  3 goblins (D:1)
  A hobgoblin (D:1)
  5 jackals
  3 frilled lizards (D:1)
  3 kobolds (D:1)
  3 rats (D:1)
24 creatures vanquished.

Notes
Turn   | Place    | Note
-------+----------+-------------------------------------------
     0 | D:1      | magaron the Hill Orc Fighter began the quest for the Orb.
     0 | D:1      | Reached XP level 1. HP: 19/19 MP: 1/1
   196 | D:1      | Reached XP level 2. HP: 27/27 MP: 2/2
   344 | D:1      | Reached skill level 4 in Fighting
  1152 | D:2      | Noticed Jessica
  1164 | D:2      | Killed Jessica
  1164 | D:2      | Reached XP level 3. HP: 33/33 MP: 3/3
  1185 | D:2      | Reached XP level 4. HP: 31/40 MP: 4/4
  1247 | D:2      | HP: 1/40 [jackal (3)]
  1251 | D:2      | Demolished by a gnoll

Levels and vault maps discovered:
D:1:      co_arrival_hexagon_in_a_hexagon, layout_basic, minmay_tetromino_i4
D:2:      layout_loops_ring, first_ration, uniq_jessica

Skill      XL: |  1  2 |
---------------+-------+-----
Fighting       | 4 |  4.2
Axes           | 3 |  3.6
Armour         | |  3.9
Dodging        | |  0.1
Shields        | |  3.8

Action                   |  1- 3 |  4- 6 || total
-------------------------+-------+-------++-------
Melee: War axe           |    71 |    10 ||    81
  Use: Potion            |     3 |       ||     3
       Scroll            |     1 |       ||     1
Armor: Scale mail        |    36 |    18 ||    54
Dodge: Dodged            |    25 |    10 ||    35
Block: Shield            |    43 |    21 ||    64

Table legend:
 A = Non-vault XP
 B = Vault XP
 C = Vault XP percentage of total XP
 D = Non-vault monster count
 E = Vault monster count
 F = Vault count percentage of total count
                 A         B        C        D         E       F
            +---------+---------+-------+---------+---------+-------
      Total |      43 |      42 |  49.4 |      20 |       4 |  16.7
            +---------+---------+-------+---------+---------+-------
        D:1 |      28 |       5 |  15.2 |      18 |       3 |  14.3
        D:2 |      15 |      37 |  71.2 |       2 |       1 |  33.3
            +---------+---------+-------+---------+---------+-------
